 Dungeon Crawl Stone Soup version 0.28-a0-769-g550dbda0cd (webtiles) character file.

Game seed: 12726111811745897066

5 spiderkeys the Skirmisher (level 1, -3/14 HPs)
             Began as a Gargoyle Abyssal Knight on Oct 31, 2021.
             Was a Follower of Lugonu.
             Slain by a small abomination (9 damage)
             ... on level 3 of the Abyss.
             The game lasted 00:01:03 (157 turns).

spiderkeys the Skirmisher (Gargoyle Abyssal Knight)  Turns: 157, Time: 00:01:04

Health: -3/14      AC:  5    Str: 16    XL:     1   Next: 80%
Magic:  2/2        EV: 11    Int: 10    God:    Lugonu [*.....]
Gold:   24         SH:  0    Dex: 10    Spells: 0/0 levels left

rFire   . . .      SeeInvis .   a - +1 mace
rCold   . . .      Faith    .   (no shield)
rNeg    + . .      Spirit   .   b - +0 leather armour
rPois   ∞          Reflect  .   (no helmet)
rElec   +          Harm     .   (no cloak)
rCorr   .          Rampage  .   (no gloves)
Will    .....                   (no boots)
Stlth   +.........              (no amulet)
HPRegen 0.04/turn               (no ring)
MPRegen 0.08/turn               (no ring)

@: no status effects
A: sickness immunity, AC +2, negative energy resistance 1, electricity
resistance, torment resistance 1, petrification resistance
a: Renounce Religion, Depart the Abyss


You were on level 3 of the Abyss.
You worshipped Lugonu.
Lugonu was aware of your devotion.
You visited 0 branches of the dungeon, and saw 0 of its levels.
You visited the Abyss 1 time.

You collected 24 gold pieces.


Innate Abilities, Weirdness & Mutations

You are immune to sickness and miasma.
Your stone body is resilient. (AC +2)
You are immune to poison.
You resist negative energy. (rN+)
You are resistant to electric shocks. (rElec)
You are resistant to unholy torment.
You are immune to petrification.


   Skills:
 + Level 3.3 Fighting
 + Level 2.1 Maces & Flails
 + Level 2.3 Armour
 - Level 0.9 Dodging
 + Level 2.1 Invocations


You couldn't memorise any spells.
You didn't know any spells.
Your spell library was empty.

Inventory:

Hand Weapons
 a - a +1 mace (weapon)
Armour
 b - a +0 leather armour (worn)
Wands
 d - a wand of paralysis (4)
   (You found it on level 3 of the Abyss)
Potions
 c - a potion of mutation {unknown}
 e - a potion of invisibility {unknown}

Dungeon Overview and Level Annotations

Branches:
Dungeon (0/15)

Altars:

. #...#..P.(. .≈..
#....#...PP ...≈ ≈≈ #
. ....#..PPPP ...≈ ..
... #.......PP> P...≈
. . ##.#...PPPP.....
..
....#.....PPPP.....
.. ..
##.#.......PP...#≈ #
.#.#5 ##...x.......≈
..## .
....#...@....≈§≈ .. .
...#..≈(≈..§#≈≈ .. ..
... ..#..≈.≈.§≈§§§ .
..........#..≈..≈≈≈.§
. . . ...##.≈...≈≈≈#§
........ ....≈≈≈≈.≈§≈
... .......≈≈≈§§§#§#
..... ...§§#≈§§§≈§≈§
..# . .. §§§#§ ≈


You could see a small abomination.


Message History

🤖 Initializing magus.rc ... ✅ Successfully initialized magus.rc [v1.9.10] Welcome, spiderkeys the Gargoyle Abyssal Knight.
A terrible geas has sent you after the Orb of Zot.
What a horrible night to have a curse!
Lugonu says: Depart the Abyss and spread corruption, my servant! (use the ability menu to exit the Abyss) Press ? for a list of commands and other information.
Found a sedimented silvery potion.
Found a corrupted altar of Lugonu.
c - a sedimented silvery potion Unknown command.
A large abomination appears in a shower of sparks.
You see here a scroll labelled VEJOARCHU BAFA.
As you read the scroll labelled VEJOARCHU BAFA, it crumbles to dust.
The scroll dissolves into smoke.
It was a scroll of fog.
You see here a scroll labelled XEFODW SAICUNN.
As you read the scroll labelled XEFODW SAICUNN, it crumbles to dust.
You feel strangely unstable.
You feel the power of the Abyss delaying your translocation!
It was a scroll of teleportation.
The ice devil barely misses you.
A large abomination comes into view.
A wraith comes into view.
You are suddenly pulled into a different region of the Abyss!
Found a gateway leading deeper into the Abyss.
There is a gateway leading deeper into the Abyss here.
You plunge deeper into the Abyss.
Found 55 gold pieces and a chain mail.
Found a corrupted altar of Lugonu.
Found a gateway leading deeper into the Abyss.
You now have 24 gold pieces.
There is a gateway leading deeper into the Abyss here.
There is a gateway leading deeper into the Abyss here.
You plunge deeper into the Abyss.
The abyssal rune of Zot can be found at this depth.
Found a bronze wand and 27 stones.
Found a gateway leading deeper into the Abyss.
d - a wand of paralysis (9)
e - a smoky golden potion The ufetubus shouts!
Found a gateway leading out of the Abyss.
A small abomination comes into view.
Aiming: Paralyse
Press: ? - help, Shift-Dir - straight line, f - small abomination
Aim: a small abomination (chance to affect: 28%)
The small abomination suddenly stops moving!
You hit the ufetubus.
The ufetubus hits you but does no damage.
The ufetubus hits you. x2; The ufetubus barely misses you. 😕 HP[-3]
You take 3 damage, and now have 11/14 hp.
MASSIVE DAMAGE!! (PAUSE)
You miss the ufetubus. The ufetubus barely misses you. The ufetubus hits you.
The ufetubus hits you but does no damage.
The ufetubus hits you.
* * * LOW HITPOINT WARNING * * *
😨 HP[-6]
You take 6 damage, and now have 5/14 hp.
MASSIVE DAMAGE!! (PAUSE)
You hit the ufetubus.
You kill the ufetubus!
Okay, then.
The small abomination is no longer paralysed.
Aiming: Paralyse
Press: ? - help, Shift-Dir - straight line, f/p - small abomination
Aim: a small abomination (chance to affect: 28%)
The small abomination easily resists.
Aiming: Paralyse
Press: ? - help, Shift-Dir - straight line, f/p - small abomination
Aim: a small abomination (chance to affect: 28%)
The small abomination easily resists.
Aiming: Paralyse
Press: ? - help, Shift-Dir - straight line, f/p - small abomination
Aim: a small abomination (chance to affect: 28%)
The small abomination easily resists.
Aiming: Paralyse
Press: ? - help, Shift-Dir - straight line, f/p - small abomination
Aim: a small abomination (chance to affect: 28%)
The small abomination suddenly stops moving! 😨 HP[+1]
The helpless small abomination fails to defend itself.
You hit the small abomination.
The helpless small abomination fails to defend itself.
You hit the small abomination.
The helpless small abomination fails to defend itself.
You hit the small abomination.
The helpless small abomination fails to defend itself.
You hit the small abomination but do no damage.
The helpless small abomination fails to defend itself.
You hit the small abomination but do no damage.
The helpless small abomination fails to defend itself.
You hit the small abomination.
The helpless small abomination fails to defend itself.
You hit the small abomination but do no damage.
The helpless small abomination fails to defend itself.
You hit the small abomination.
The small abomination is no longer paralysed.
The small abomination hits you!
Ouch! That really hurt!
You die...

Action                   || total
-------------------------++-------
Melee: Mace              ||    11
Evoke: Wand              ||     5
  Use: Scroll            ||     2
 Stab: Paralysed         ||     8
Armor: Leather armour    ||     2
Dodge: Dodged            ||     3

Levels and vault maps discovered:
Abyss:3:  base: Temple, evilmike_abyss_exit_plants

Notes
Turn   | Place    | Note
-------+----------+-------------------------------------------
     0 | Abyss:1  | spiderkeys the Gargoyle Abyssal Knight began the quest for
                  | the Orb.
     0 | Abyss:1  | Reached XP level 1. HP: 14/14 MP: 2/2
     0 | Abyss:1  | magus.rc [v1.9.10]
    59 | Abyss:1  | Noticed a large abomination
    59 | Abyss:1  | Noticed an ice devil
    76 | Abyss:1  | Noticed a large abomination
    83 | Abyss:1  | Noticed a wraith
    95 | Abyss:2  | Found a corrupted altar of Lugonu.
   133 | Abyss:3  | Noticed a small abomination
   157 | Abyss:3  | Slain by a small abomination

Vanquished Creatures
  An ufetubus (Abyss:3)
1 creature vanquished.

Table legend:
 A = Non-vault XP
 B = Vault XP
 C = Vault XP percentage of total XP
 D = Non-vault monster count
 E = Vault monster count
 F = Vault count percentage of total count
                 A         B        C        D         E       F
            +---------+---------+-------+---------+---------+-------
      Total |       8 |       0 |   0.0 |       1 |       0 |   0.0
            +---------+---------+-------+---------+---------+-------
    Abyss:3 |       8 |       0 |   0.0 |       1 |       0 |   0.0
            +---------+---------+-------+---------+---------+-------

Illustrated notes

Table legend:
 A = Kills in this place as a percentage of kills in entire the game.
 B = Kills by you in this place as a percentage of kills by you in the entire game.
 C = Kills by friends in this place as a percentage of kills by friends in the entire game.
 D = Other kills in this place as a percentage of other kills in the entire game.
 E = Experience gained in this place as a percentage of experience gained in the entire game.
 F = Experience gained in this place divided by the number of levels of this place that you have seen.
                   A       B       C       D       E      F
               +-------+-------+-------+-------+-------+----------------------
         Total | 100.0 | 100.0 |   N/A |   N/A | 100.0 |   2.7
         Abyss | 100.0 | 100.0 |   N/A |   N/A | 100.0 |   2.7
               +-------+-------+-------+-------+-------+----------------------

Table legend: (Time is in decaauts)
 A = Elapsed time spent in this place.
 B = Non-inter-level travel time spent in this place.
 C = Inter-level travel time spent in this place.
 D = Time resting spent in this place.
 E = Time spent auto-exploring this place.
 F = Levels seen in this place.
 G = Mean time per level.
                   A        B        C        D        E       F      G
               +--------+--------+--------+--------+--------+-----+--------+
         Total |    159 |    159 |      0 |      0 |     58 |   3 |   53.0 |
         Abyss |    159 |    159 |      0 |      0 |     58 |   3 |   53.0 |
               +--------+--------+--------+--------+--------+-----+--------+

Top non-repeatable levels by time:
 Abyss:1: 95 daAuts
 Abyss:3: 47 daAuts
 Abyss:2: 16 daAuts
